 Dungeon Crawl Stone Soup version 0.29.1-2-gbd0b4ee654 (webtiles) character file.

Game seed: 11467975297597784092

40 styxcanada the Sneak (level 3, -2/18 HPs)
             Began as a Spriggan Brigand on Oct 30, 2022.
             Killed by divine providence
             ... invoked by an orc priest
              (16 damage)
             ... on level 2 of the Dungeon.
             The game lasted 00:04:06 (1435 turns).

styxcanada the Sneak (Spriggan Brigand)             Turns: 1435, Time: 00:04:08

Health: -2/18      AC:  3    Str:  7    XL:     3   Next: 30%
Magic:  4/4        EV: 17    Int: 12    God:
Gold:   96         SH:  0    Dex: 18    Spells: 2/2 levels left

rFire   . . .      SeeInvis +   a - +2 dagger
rCold   . . .      Faith    .   (no shield)
rNeg    . . .      Spirit   .   b - +0 robe
rPois   .          Reflect  .   (helmet restricted)
rElec   .          Harm     .   c - +0 cloak
rCorr   .          Rampage  .   (gloves unavailable)
Will    .....                   (boots unavailable)
Stlth   ++++......              (no amulet)
HPRegen 0.06/turn               p - ring of wizardry
MPRegen 0.09/turn               (no ring)

@: very quick
A: very small, no large weapons, unfitting armour, see invisible, speed 3
a: no special abilities


You were on level 2 of the Dungeon.
You visited 1 branch of the dungeon, and saw 2 of its levels.

You collected 96 gold pieces.

Inventory:

Hand Weapons
 a - a +2 dagger (weapon)
Missiles
 d - 9 poisoned darts (quivered)
 e - 3 curare-tipped darts
 f - 39 stones
Armour
 b - a +0 robe (worn)
 c - a +0 cloak (worn)
Jewellery
 p - a ring of wizardry (left hand)
Scrolls
 h - a scroll of identify {unknown}
 i - a scroll of amnesia {unknown}
 j - a scroll of vulnerability {unknown}
 n - a scroll of butterflies {unknown}
 r - 3 scrolls of noise {unknown}
 s - a scroll of brand weapon {unknown}
Potions
 g - a potion of degeneration {unknown}
 k - a potion of cancellation {unknown}
 l - a potion of lignification {unknown}
 m - 2 potions of ambrosia {unknown}
 o - a potion of attraction {unknown}
 q - a potion of heal wounds {unknown}


   Skills:
 * Level 1.7 Fighting
 + Level 2.3 Short Blades
 + Level 2.2 Throwing
 * Level 1.7 Dodging
 * Level 7.2 Stealth


You had 2 spell levels left.
You didn't know any spells.
Your spell library contained the following spells:

 Spells                   Type           Power      Damage    Failure   Level
 Beastly Appendage        Tmut           0%         N/A       13%         1
 Wereblood                Tmut           0%         N/A       21%         2
 Dazzling Flash           Conj/Hex       0%         N/A       36%         3
 Spider Form              Tmut/Pois      0%         N/A       36%         3
 Iskenderun's Mystic Bla  Conj/Tloc      0%         2d3       75%         4
 Starburst                Conj/Fire      0%         6d3       100%        6


Dungeon Overview and Level Annotations

Branches:
Dungeon (2/15)

Altars:
Nemelex Xobeh


Innate Abilities, Weirdness & Mutations

You are very small and have problems with some larger weapons.
You are too small for most types of armour.
You have supernaturally acute eyesight. (SInv)
You cover ground extremely quickly. (Speed+++)


Message History

s - a scroll labelled DYMMYJ YZAETSIDD An adder comes into view.
Found 15 gold pieces.
Found a sparkling altar of Nemelex Xobeh.
Found 5 stones.
The helpless adder fails to defend itself.
You impale the adder!!
You kill the adder!
Found a plate armour.
A hobgoblin comes into view.
Found a stone staircase leading up.
The hobgoblin shouts!
You hear a shout! x2
You see here 5 stones.
An orc priest comes into view. It is wielding a +0 hand axe.
You hit the hobgoblin but do no damage. The hobgoblin misses you.
You hit the hobgoblin.
The hobgoblin is moderately wounded.
The hobgoblin hits you.
An orc priest comes into view. It is wielding a +0 flail.
You hit the hobgoblin.
The hobgoblin is severely wounded.
The hobgoblin misses you.
An orc comes into view. It is wielding a +0 mace.
The orc priest looks braver for a moment.
You hit the hobgoblin but do no damage.
The hobgoblin is severely wounded.
The hobgoblin hits you.
You barely miss the hobgoblin.
The hobgoblin is heavily wounded.
The hobgoblin closely misses you.
You hit the hobgoblin.
The hobgoblin is almost dead.
The hobgoblin closely misses you.
You hit the hobgoblin but do no damage.
The hobgoblin is almost dead.
The hobgoblin hits you but does no damage.
The orc priest mumbles some strange prayers to Beogh against you.
Beogh smites you!
Ouch! That really hurt!
You die...

## ### ######## . #..
........ ## #.# #.#...#
# .# #.#
####...#.##.##. .#
#.###.#........ ... .#
#.##....#..#.##o...
.#####.#.............##
.##..........#.##.oo.<#
.......#.#.#....@g....#
.......#......(.......#
......##.....#.##.....#
.##.###..........[....#
.##.........$....######
.######......._..# .#
##.........# .#
#.........# #
####....####


You could see 2 orc priests, an orc and a hobgoblin.

Vanquished Creatures
  An adder (D:2)
  A dart slug (D:2)
  A ball python (D:1)
  2 endoplasms (D:1)
  5 goblins
  3 hobgoblins
  A quokka (D:1)
  6 bats
  2 frilled lizards (D:2)
  3 kobolds
  3 rats
28 creatures vanquished.

Notes
Turn   | Place    | Note
-------+----------+-------------------------------------------
     0 | D:1      | styxcanada the Spriggan Brigand began the quest for the
                  | Orb.
     0 | D:1      | Reached XP level 1. HP: 10/10 MP: 2/2
   169 | D:1      | Reached skill level 6 in Stealth
   169 | D:1      | Found a faded altar of an unknown god.
   254 | D:1      | Reached XP level 2. HP: 14/14 MP: 3/3
  1135 | D:2      | Reached XP level 3. HP: 14/18 MP: 4/4
  1227 | D:2      | Identified the +5 triple crossbow "Noaplef" {venom,
                  | *Corrode +Blink Str+3}
  1403 | D:2      | Reached skill level 7 in Stealth
  1416 | D:2      | Found a sparkling altar of Nemelex Xobeh.
  1435 | D:2      | Killed from afar by an orc priest

Illustrated notes

Levels and vault maps discovered:
D:1:      dpeg_arrival_pond, layout_basic, basic_ecumenical_altar
D:2:      layout_loops_cross, basic_altar, minmay_stone_trees_small,
          dk_vineyard_3

Skill      XL: |  1  2  3 |
---------------+----------+-----
Stealth        | 6 7 |  7.2
Fighting       | |  1.7
Short Blades   | |  2.3
Throwing       | |  2.2
Dodging        | |  1.7

Action                   || total
-------------------------++-------
Melee: Dagger            ||    66
 Stab: Sleeping          ||    10
Armor: Robe              ||    12
Dodge: Dodged            ||    42
